TOP OF THE 1ST |
Kingsport Mets batting - Pitching for Helena Brewers : LHP Hiroshi Matsuda
|
Pitching: LHP Hiroshi Matsuda
|
|
Batting: SHB Josh Thomson
|
0-0: Ball 1-0: Ball 2-0: Called Strike 2-1: Ball 3-1: Base on Balls
|
Batting: RHB Warren Carmichael
|
0-0: Called Strike Josh Thomson is caught stealing 2nd base 2-4 0-1: Swinging Strike 0-2: Ground out U3 (Groundball, 3, EV 89.4 MPH)
|
Batting: RHB Eric Zylstra
|
0-0: Fly out, F7 (Flyball, 7, EV 80.6 MPH)
|
Top of the 1st over - 0 runs, 0 hits, 0 errors, 0 left on base; Kingsport 0 - Helena 0 |
BOTTOM OF THE 1ST |
Helena Brewers batting - Pitching for Kingsport Mets : RHP Mark Johnson
|
Pitching: RHP Mark Johnson
|
|
Batting: LHB Andy Buschlen
|
0-0: Called Strike 0-1: Bunt for hit to 5S - play at first, batter OUT! 5-3
|
Batting: RHB Mohammed bin Ubaida
|
0-0: Called Strike 0-1: Ball 1-1: Foul Ball, location: 2F 1-2: Ball 2-2: Ball 3-2: Foul Ball, location: 2F 3-2: SINGLE (Line Drive, 8LS, EV 98.8 MPH)
|
Batting: RHB Austin Doig
|
0-0: Ball Mohammed bin Ubaida steals 2nd, throwing error, E2 Mohammed bin Ubaida to third 1-0: Called Strike 1-1: Foul Ball, location: 2F 1-2: Ball 2-2: Ground out 5-3 (Groundball, 56S, EV 91.2 MPH) Mohammed bin Ubaida scores
|
Batting: LHB Tony Hasbun
|
0-0: Called Strike 0-1: Ball 1-1: Called Strike 1-2: Foul Ball, location: 2F 1-2: Foul Ball, location: 2F 1-2: Ball 2-2: SINGLE (Line Drive, 7LS, EV 86.9 MPH)
|
Batting: RHB Frank Pena
|
0-0: Ball 1-0: Ball 2-0: Ball 3-0: Called Strike 3-1: Base on Balls Tony Hasbun to second
|
Batting: RHB Austin Sweetman
|
0-0: Ball 1-0: Foul Ball, location: 2F 1-1: Swinging Strike 1-2: Strikes out swinging
|
Bottom of the 1st over - 1 run, 2 hits, 1 error, 2 left on base; Kingsport 0 - Helena 1 |
TOP OF THE 2ND |
Kingsport Mets batting - Pitching for Helena Brewers : LHP Hiroshi Matsuda
|
Batting: RHB Juan Medina
|
0-0: Ball 1-0: Ground out 2-3 (Groundball, 13S, EV 75.0 MPH)
|
Batting: RHB Dan Muse
|
0-0: Ball 1-0: Ball 2-0: Ground out 4-3 (Groundball, 4, EV 108.1 MPH)
|
Batting: RHB Jim Freels
|
0-0: Ball 1-0: Called Strike 1-1: Ball 2-1: Ball 3-1: Base on Balls
|
Batting: RHB Coltin Nellis
|
0-0: Ball 1-0: Ball 2-0: Called Strike 2-1: Ball 3-1: Base on Balls Jim Freels to second
|
Batting: RHB Chris Artz
|
0-0: DOUBLE (Line Drive, 5D, EV 103.8 MPH) Jim Freels scores Coltin Nellis to third Runner from 3rd tries for Home, SAFE, throw by LF to home
|
Batting: RHB Kyle Verkamp
|
0-0: Fly out, F7 (Flyball, 78S, EV 83.8 MPH)
|
Top of the 2nd over - 2 runs, 1 hit, 0 errors, 1 left on base; Kingsport 2 - Helena 1 |
BOTTOM OF THE 2ND |
Helena Brewers batting - Pitching for Kingsport Mets : RHP Mark Johnson
|
Batting: LHB Alex Chairez
|
0-0: SINGLE (Groundball, 34D, EV 95.0 MPH)
|
Batting: RHB Fernando Mejia
|
0-0: Ball 1-0: Called Strike 1-1: Ball 2-1: Foul Ball, location: 2F 2-2: Ball 3-2: Base on Balls Alex Chairez to second
|
Batting: RHB Justin Marino
|
0-0: Swinging Strike 0-1: Called Strike 0-2: Ball 1-2: Ball 2-2: Foul Ball, location: 2F 2-2: Strikes out swinging
|
Batting: LHB Andy Buschlen
|
0-0: Called Strike 0-1: Ground out 5-3 (Groundball, 56S, EV 67.5 MPH) Alex Chairez to third Fernando Mejia to second
|
Batting: RHB Mohammed bin Ubaida
|
0-0: Ball 1-0: Swinging Strike Passed Ball! Alex Chairez scores Fernando Mejia to third 1-1: Foul Ball, location: 2F 1-2: Foul Ball, location: 2F 1-2: Strikes out swinging
|
Bottom of the 2nd over - 1 run, 1 hit, 0 errors, 1 left on base; Kingsport 2 - Helena 2 |
TOP OF THE 3RD |
Kingsport Mets batting - Pitching for Helena Brewers : LHP Hiroshi Matsuda
|
Batting: SHB Josh Thomson
|
0-0: Ball 1-0: Ground out 6-3 (Groundball, 6, EV 100.6 MPH)
|
Batting: RHB Warren Carmichael
|
0-0: Called Strike 0-1: Ball 1-1: Ball 2-1: SINGLE (Line Drive, 5D, EV 103.8 MPH)
|
Batting: RHB Eric Zylstra
|
0-0: Ball 1-0: Foul Ball, location: 2F 1-1: Ball 2-1: Foul Ball, location: 2F 2-2: Strikes out looking
|
Batting: RHB Juan Medina
|
0-0: Swinging Strike Passed Ball! Warren Carmichael to second 0-1: Swinging Strike 0-2: Ball 1-2: Foul Ball, location: 2F 1-2: Ball 2-2: Fly out, F9 (Line Drive, 9D, EV 85.6 MPH)
|
Top of the 3rd over - 0 runs, 1 hit, 0 errors, 1 left on base; Kingsport 2 - Helena 2 |
BOTTOM OF THE 3RD |
Helena Brewers batting - Pitching for Kingsport Mets : RHP Mark Johnson
|
Batting: RHB Austin Doig
|
0-0: SINGLE (Groundball, P, EV 84.4 MPH) (infield hit)
|
Batting: LHB Tony Hasbun
|
0-0: Ball 1-0: Ball Austin Doig is caught stealing 2nd base 2-6 2-0: Called Strike 2-1: Ball 3-1: Called Strike 3-2: Foul Ball, location: 2F 3-2: Base on Balls
|
Batting: RHB Frank Pena
|
0-0: Ball 1-0: Grounds into double play, 4-6-3 (Groundball, 34, EV 87.5 MPH)
|
Bottom of the 3rd over - 0 runs, 1 hit, 0 errors, 0 left on base; Kingsport 2 - Helena 2 |
TOP OF THE 4TH |
Kingsport Mets batting - Pitching for Helena Brewers : LHP Hiroshi Matsuda
|
Batting: RHB Dan Muse
|
0-0: Ball 1-0: Called Strike 1-1: Ball 2-1: Ball 3-1: Foul Ball, location: 2F 3-2: Ground out 6-3 (Groundball, 6MS, EV 71.9 MPH)
|
Batting: RHB Jim Freels
|
0-0: Ball 1-0: Fly out, F5 (Popup, 56S, EV 82.5 MPH)
|
Batting: RHB Coltin Nellis
|
0-0: Foul Ball, location: 2F 0-1: Ball 1-1: Ball 2-1: Ground out U3 (Groundball, 34S, EV 81.2 MPH)
|
Top of the 4th over - 0 runs, 0 hits, 0 errors, 0 left on base; Kingsport 2 - Helena 2 |
BOTTOM OF THE 4TH |
Helena Brewers batting - Pitching for Kingsport Mets : RHP Mark Johnson
|
Batting: RHB Austin Sweetman
|
0-0: Ball 1-0: Swinging Strike 1-1: Swinging Strike 1-2: Strikes out looking
|
Batting: LHB Alex Chairez
|
0-0: Called Strike 0-1: Ball 1-1: Foul Ball, location: 2F 1-2: Strikes out swinging
|
Batting: RHB Fernando Mejia
|
0-0: Ground out 5-3 (Groundball, 56, EV 106.2 MPH)
|
Bottom of the 4th over - 0 runs, 0 hits, 0 errors, 0 left on base; Kingsport 2 - Helena 2 |
TOP OF THE 5TH |
Kingsport Mets batting - Pitching for Helena Brewers : LHP Hiroshi Matsuda
|
Batting: RHB Chris Artz
|
0-0: Foul Ball, location: 2F 0-1: Foul Ball, location: 2F 0-2: Ball 1-2: Foul Ball, location: 2F 1-2: Ball 2-2: Ground out 6-3 (Groundball, 6, EV 88.1 MPH)
|
Batting: RHB Kyle Verkamp
|
0-0: Ball 1-0: Ball 2-0: Ball 3-0: Base on Balls
|
Batting: SHB Josh Thomson
|
0-0: Swinging Strike 0-1: Ball 1-1: Foul Ball, location: 2F 1-2: Strikes out swinging
|
Batting: RHB Warren Carmichael
|
0-0: Foul Ball, location: 2F 0-1: Foul Ball, location: 2F 0-2: Ground out 5-3 (Groundball, 56S, EV 61.2 MPH)
|
Top of the 5th over - 0 runs, 0 hits, 0 errors, 1 left on base; Kingsport 2 - Helena 2 |
BOTTOM OF THE 5TH |
Helena Brewers batting - Pitching for Kingsport Mets : RHP Mark Johnson
|
Batting: RHB Justin Marino
|
0-0: Ball 1-0: Foul Ball, location: 2F 1-1: Ball 2-1: Ball 3-1: Called Strike 3-2: Base on Balls
|
Pitching: RHP Antonio Reyes
|
|
Batting: LHB Andy Buschlen
|
0-0: Foul Ball, location: 2F 0-1: Ball 1-1: Ball 2-1: Fly out, F4 (Line Drive, 4, EV 71.2 MPH)
|
Batting: RHB Mohammed bin Ubaida
|
0-0: Called Strike 0-1: Swinging Strike 0-2: DOUBLE (Flyball, 8LXD, EV 96.9 MPH) Justin Marino to third
|
Batting: RHB Austin Doig
|
0-0: Foul Ball, location: 2F 0-1: Ball 1-1: Ball 2-1: Foul Ball, location: 2F 2-2: Ball 3-2: Base on Balls
|
Batting: LHB Tony Hasbun
|
0-0: Ball 1-0: Ball 2-0: Ball 3-0: Called Strike 3-1: Foul Ball, location: 2F 3-2: Foul Ball, location: 2F 3-2: Foul Ball, location: 2F 3-2: Strikes out swinging
|
Batting: RHB Frank Pena
|
0-0: Swinging Strike 0-1: Swinging Strike 0-2: Ball 1-2: Fielders Choice at 2nd, 6-4 (Groundball, 56, EV 105.0 MPH)
|
Bottom of the 5th over - 0 runs, 1 hit, 0 errors, 3 left on base; Kingsport 2 - Helena 2 |
TOP OF THE 6TH |
Kingsport Mets batting - Pitching for Helena Brewers : LHP Hiroshi Matsuda
|
Batting: RHB Eric Zylstra
|
0-0: Foul Ball, location: 2F 0-1: Ball 1-1: Ground out 4-3 (Groundball, 34, EV 86.9 MPH)
|
Batting: RHB Juan Medina
|
0-0: Called Strike 0-1: Foul Ball, location: 2F 0-2: Strikes out swinging
|
Batting: RHB Dan Muse
|
0-0: Foul Ball, location: 2F 0-1: Ball 1-1: Foul Ball, location: 2F 1-2: Ball 2-2: Foul Ball, location: 2F 2-2: Ball 3-2: Foul Ball, location: 2F 3-2: Foul Ball, location: 2F 3-2: Ground out 6-3 (Groundball, 6, EV 106.2 MPH)
|
Top of the 6th over - 0 runs, 0 hits, 0 errors, 0 left on base; Kingsport 2 - Helena 2 |
BOTTOM OF THE 6TH |
Helena Brewers batting - Pitching for Kingsport Mets : RHP Antonio Reyes
|
Batting: RHB Austin Sweetman
|
0-0: Ball 1-0: Ball 2-0: Ball 3-0: Base on Balls
|
Pitching: RHP Mike Whitaker
|
|
Batting: LHB Alex Chairez
|
0-0: Ball 1-0: Ground out 4-3 (Groundball, 3D, EV 85.0 MPH) Austin Sweetman to second
|
Pinch Hitting: SHB C.J. Olivares
|
0-0: Ball 1-0: Ball 2-0: Called Strike 2-1: Ball 3-1: Foul Ball, location: 2F 3-2: Base on Balls
|
Batting: RHB Justin Marino
|
0-0: Called Strike 0-1: Fly out, F8 (Line Drive, 8LM, EV 106.2 MPH)
|
Batting: LHB Andy Buschlen
|
0-0: Ball 1-0: Ball 2-0: Ball 3-0: Base on Balls Austin Sweetman to third C.J. Olivares to second
|
Pinch Hitting: LHB Jose Simental
|
0-0: Ball 1-0: Ball 2-0: Hit by Pitch Austin Sweetman scores C.J. Olivares to third Andy Buschlen to second
|
Batting: RHB Austin Doig
|
0-0: Called Strike 0-1: DOUBLE (Line Drive, 89XD, EV 110.6 MPH) C.J. Olivares scores Andy Buschlen scores Jose Simental to third Runner from 3rd tries for Home, SAFE, throw by CF to trailing runner, SAFE at third!
|
Pitching: RHP Justin Vallis
|
|
Batting: LHB Tony Hasbun
|
0-0: Ball 1-0: Ball 2-0: Foul Ball, location: 2F 2-1: Swinging Strike 2-2: SINGLE (Line Drive, 78M, EV 85.6 MPH) Austin Doig scores
|
Batting: RHB Frank Pena
|
0-0: Ball 1-0: Swinging Strike 1-1: Foul Ball, location: 2F 1-2: Strikes out swinging
|
Bottom of the 6th over - 5 runs, 2 hits, 0 errors, 1 left on base; Kingsport 2 - Helena 7 |
TOP OF THE 7TH |
Kingsport Mets batting - Pitching for Helena Brewers : LHP Hiroshi Matsuda
|
Pitching: RHP Silvian Mans
|
|
Now at 1B: Jose Simental
|
|
Now at 3B: Alex Chairez
|
|
Now in CF: Jesus Menjivar
|
|
Batting: RHB Jim Freels
|
0-0: Called Strike 0-1: Foul Ball, location: 2F 0-2: Ball 1-2: Foul Ball, location: 2F 1-2: Ground out 5-3 (Groundball, 56, EV 86.2 MPH)
|
Batting: RHB Coltin Nellis
|
0-0: Ball 1-0: Ball 2-0: Foul Ball, location: 2F 2-1: Ball 3-1: Ground out 2-3 (Groundball, 2L, EV 54.4 MPH)
|
Batting: RHB Chris Artz
|
0-0: Ball 1-0: Fly out, F3 (Popup, 3S, EV 80.6 MPH)
|
Top of the 7th over - 0 runs, 0 hits, 0 errors, 0 left on base; Kingsport 2 - Helena 7 |
BOTTOM OF THE 7TH |
Helena Brewers batting - Pitching for Kingsport Mets : RHP Justin Vallis
|
Batting: RHB Austin Sweetman
|
0-0: Called Strike 0-1: Swinging Strike 0-2: Foul Ball, location: 2F 0-2: Ball 1-2: Ball 2-2: Ball 3-2: Foul Ball, location: 2F 3-2: Ground out 4-3 (Groundball, 4, EV 91.2 MPH)
|
Batting: LHB Alex Chairez
|
0-0: Ball 1-0: DOUBLE (Groundball, 3L, EV 103.1 MPH)
|
Batting: RHB Jesus Menjivar
|
0-0: Ball 1-0: Called Strike 1-1: Called Strike 1-2: Strikes out swinging
|
Batting: RHB Justin Marino
|
0-0: 2-RUN HOME RUN (Line Drive, 78XD, EV 114.4 MPH), Distance : 439 ft
|
Batting: LHB Andy Buschlen
|
0-0: Ball 1-0: Ball 2-0: Foul Ball, location: 2F 2-1: Ball 3-1: Ground out U3 (Groundball, 3, EV 85.0 MPH)
|
Bottom of the 7th over - 2 runs, 2 hits, 0 errors, 0 left on base; Kingsport 2 - Helena 9 |
TOP OF THE 8TH |
Kingsport Mets batting - Pitching for Helena Brewers : RHP Silvian Mans
|
Batting: RHB Kyle Verkamp
|
0-0: Called Strike 0-1: Fly out, F7 (Flyball, 7LD, EV 103.1 MPH)
|
Batting: SHB Josh Thomson
|
0-0: Called Strike 0-1: Foul Ball, location: 2F 0-2: Ground out 4-3 (Groundball, 4D, EV 99.4 MPH)
|
Batting: RHB Warren Carmichael
|
0-0: Ground out 5-3 (Groundball, 56S, EV 83.8 MPH)
|
Top of the 8th over - 0 runs, 0 hits, 0 errors, 0 left on base; Kingsport 2 - Helena 9 |
BOTTOM OF THE 8TH |
Helena Brewers batting - Pitching for Kingsport Mets : RHP Justin Vallis
|
Batting: LHB Jose Simental
|
0-0: Called Strike 0-1: Ball 1-1: Fly out, F8 (Flyball, 8LM, EV 80.6 MPH)
|
Batting: RHB Austin Doig
|
0-0: Foul Ball, location: 2F 0-1: Called Strike 0-2: Ball 1-2: Ground out 1-3 (Groundball, 15S, EV 62.5 MPH)
|
Batting: LHB Tony Hasbun
|
0-0: Ground out 6-3 (Groundball, 6, EV 90.6 MPH)
|
Bottom of the 8th over - 0 runs, 0 hits, 0 errors, 0 left on base; Kingsport 2 - Helena 9 |
TOP OF THE 9TH |
Kingsport Mets batting - Pitching for Helena Brewers : RHP Silvian Mans
|
Batting: RHB Eric Zylstra
|
0-0: Ball 1-0: Ball 2-0: TRIPLE (Line Drive, 7LD, EV 98.8 MPH)
|
Batting: RHB Juan Medina
|
0-0: Fly out, F9 (Flyball, 9, EV 85.0 MPH)
|
Batting: RHB Dan Muse
|
0-0: Foul Ball, location: 2F 0-1: Ball 1-1: Ball 2-1: Ball 3-1: Swinging Strike 3-2: Foul Ball, location: 2F 3-2: SINGLE (Groundball, 56S, EV 63.8 MPH) (infield hit) Eric Zylstra scores
|
Batting: RHB Jim Freels
|
0-0: Called Strike 0-1: Called Strike 0-2: Strikes out looking
|
Batting: RHB Coltin Nellis
|
0-0: Ball 1-0: Ball 2-0: Ground out 4-3 (Groundball, 4M, EV 106.2 MPH)
|
Top of the 9th over - 1 run, 2 hits, 0 errors, 1 left on base; Kingsport 3 - Helena 9 |
|